 Dungeon Crawl Stone Soup version 0.21.1-1-g345015f (webtiles) character file.

98 letownia2 the Chiller (level 4, -15/30 HPs)
             Began as a Merfolk Ice Elementalist on Feb 15, 2018.
             Killed from afar by sankara's ghost (32 damage)
             ... with an exploding inner flame
             ... hexed by the player character
             ... on level 4 of the Dungeon.
             The game lasted 00:07:02 (1199 turns).

letownia2 the Chiller (Merfolk Ice Elementalist)    Turns: 1199, Time: 00:07:03

Health: -15/30     AC:  3    Str:  8    XL:     4   Next: 71%
Magic:  5/7        EV: 12    Int: 15    God:
Gold:   72         SH:  0    Dex: 14    Spells: 3/7 levels left

rFire    . . .     SeeInvis .   a - +0 spear
rCold    . . .     Gourm    .   (no shield)
rNeg     . . .     Faith    .   l - +0 leather armour
rPois    .         Spirit   .   (no helmet)
rElec    .         Reflect  .   (no cloak)
rCorr    .         Harm     .   (no gloves)
MR       .....                  (no boots)
Stlth    ++........             (no amulet)
HPRegen  0.10/turn              (no ring)
MPRegen  0.10/turn              (no ring)

@: no status effects
A: change form in water, swift swim, stealthy swim
a: no special abilities


You were on level 4 of the Dungeon.
You were not hungry.

You visited 1 branch of the dungeon, and saw 4 of its levels.

You collected 72 gold pieces.

Inventory:

Hand Weapons
 a - a +0 spear (weapon)
 e - a +0 short sword
 k - a +0 trident
Missiles
 m - 15 bolts
Armour
 h - a +0 robe
 i - a +0 ring mail
 l - a +0 leather armour (worn)
Scrolls
 f - a scroll of immolation
 g - 4 scrolls of identify
 j - a scroll of remove curse {unknown}
 p - a scroll of enchant armour {unknown}
Potions
 d - a potion of agility
 n - 2 potions of curing {unknown}
Books
 b - a book of Frost

   Spells                             Type                      Level
   a - Freeze                         Ice                          1
   b - Throw Frost                    Conjuration/Ice              2
   c - Ozocubu's Armour               Charms/Ice                   3
   d - Throw Icicle                   Conjuration/Ice              4
   e - Summon Ice Beast               Ice/Summoning                4
Comestibles
 c - 5 rations
 o - a chunk of flesh


   Skills:
 - Level 2.6 Dodging
 - Level 2.1 Stealth
 + Level 2.1 Spellcasting
   Level 0.7 Conjurations
 + Level 1.9 Charms
 + Level 5.3 Ice Magic


You had 3 spell levels left.
You knew the following spells:

 Your Spells              Type           Power        Failure   Level  Hunger
a - Freeze                Ice            ###.         3%          1    #......
o - Ozocubu's Armour      Chrm/Ice       ##......     22%         3    ###....


Dungeon Overview and Level Annotations

Branches:
Dungeon (4/15)
 Temple: D:4-7

Altars:

Annotations:
D:3 Sigmund
D:4 Menkaure


Message History

Confirm with . or Enter, or press ? or * to list all spells.
Aiming: Freeze
Press: ? - help, Shift-Dir - straight line, f/p - adder
Aim: an adder (almost dead, slow, inner flame)
Okay, then.
Sankara's ghost points at you and mumbles some strange words.
The magic dart hits you!
Found 15 arrows.
Unknown command.
Unknown command.
Attack whom?
Press: ? - help, Dir - move target cursor, f/p - adder
Aim: an adder (almost dead, inner flame)
You reach to attack!
You hit the adder.
The adder explodes!
The fiery explosion engulfs sankara's ghost.
Sankara's ghost explodes!
The fiery explosion engulfs you!
Ouch! That really hurt!
You die...

########.##.....# #..#
................###..#
########.........##..######
#...#...#...........
#...#.........##....
#...#...§§M......# #
#...#.###§#...##.#
#.#.#.###§#...#...#
...[..(.§@......# (. #.#
####.#.......###... . #.#
#.#..##.#.# ... ..# .....
#..... .. ### #.#. ###.#.(
# # # ...... #### .# .#.
.... .# .. ##


You could see Menkaure (inner flame).

Vanquished Creatures
  An orc wizard (D:3)
  A gnoll (D:2)
  2 adders
  A worm (D:3)
  2 dart slugs
  6 orcs
  2 giant cockroaches
  A goblin (D:2)
  2 hobgoblins (D:2)
  3 jackals (D:3)
  2 kobolds
  A ball python (D:1)
  4 bats
  7 rats
35 creatures vanquished.

Notes
Turn   | Place    | Note
-------+----------+-------------------------------------------
     0 | D:1      | letownia2 the Merfolk Ice Elementalist began the quest for the Orb.
     0 | D:1      | Reached XP level 1. HP: 13/13 MP: 3/3
   191 | D:2      | Reached skill level 4 in Ice Magic
   191 | D:2      | Reached XP level 2. HP: 18/19 MP: 0/5
   475 | D:2      | Reached XP level 3. HP: 5/24 MP: 0/6
   480 | D:2      | Learned a level 3 spell: Ozocubu's Armour
   728 | D:3      | Reached skill level 1 in Charms
   798 | D:3      | Reached skill level 5 in Ice Magic
   850 | D:4      | Reached XP level 4. HP: 30/30 MP: 5/7
  1043 | D:3      | Noticed Sigmund
  1185 | D:4      | Noticed Menkaure
  1187 | D:4      | Noticed sankara's ghost (amateur DrCj)
  1199 | D:4      | Killed sankara's ghost
  1199 | D:4      | Killed from afar by sankara's ghost

Skill      XL: |  1  2  3 |
---------------+----------+-----
Ice Magic      | 4 5 |  5.3
Charms         | 1 |  1.9
Dodging        | |  2.6
Stealth        | |  2.1
Spellcasting   | |  2.1
Conjurations   | |  0.7

Action                   |  1- 3 |  4- 6 || total
-------------------------+-------+-------++-------
Melee: Spear             |    31 |     6 ||    37
       Short sword       |     1 |       ||     1
 Cast: Freeze            |    41 |    16 ||    57
  Use: Scroll            |       |     2 ||     2
 Stab: Sleeping          |     6 |       ||     6
  Eat: Chunk             |     1 |     1 ||     2
Armor: Robe              |     7 |       ||     7
       Leather armour    |     4 |     4 ||     8
Dodge: Dodged            |    28 |    15 ||    43
